 Dungeon Crawl Stone Soup version 0.21.1-1-g345015f (webtiles) character file.

64 inc the Vexing (level 3, 0/14 HPs)
             Began as a Felid Enchanter on Feb 22, 2018.
             Succumbed to an adder's poison
             ... on level 2 of the Dungeon.
             The game lasted 00:03:40 (2207 turns).

inc the Vexing (Felid Enchanter)                    Turns: 2207, Time: 00:03:40

Health: 0/14       AC:  2    Str:  4    XL:     3   Next: 91%
Magic:  1/7        EV: 25    Int: 17    God:
Gold:   90         SH:  0    Dex: 21    Spells: 3/6 levels left
                                        Lives:  0   Deaths: 0

rFire    . . .     SeeInvis +     - Unarmed
rCold    + . .     Gourm    .   (shield unavailable)
rNeg     . . .     Faith    .   (armour unavailable)
rPois    +         Spirit   .   (helmet unavailable)
rElec    .         Reflect  .   (cloak unavailable)
rCorr    .         Harm     .   (gloves unavailable)
MR       .....                  (boots unavailable)
Stlth    ++++......             (no amulet)
HPRegen  0.04/turn              (no ring)
MPRegen  0.10/turn              (no ring)

@: agile, lethally poisoned (0 -> -12), quick
A: very small, no armour, no weapons or thrown items, stealth, claws 1, fangs 3,
repulsion field 1, see invisible, carnivore, cold resistance 1, speed 1, poison
resistance, shaggy fur 2, slow metabolism 1, sharp paws
a: no special abilities


You were on level 2 of the Dungeon.
You were not hungry.

You visited 1 branch of the dungeon, and saw 2 of its levels.

You collected 90 gold pieces.

Inventory:

Scrolls
 c - 2 scrolls of remove curse {unknown}
 d - 2 scrolls of identify {unknown}
 e - 2 scrolls of teleportation {unknown}
 g - a scroll of immolation {unknown}
 j - a scroll of blinking {unknown}
 k - 2 scrolls of fog {unknown}
 l - a scroll of amnesia {unknown}
Potions
 f - a potion of curing {unknown}
 h - a potion of flight {unknown}
Books
 a - a book of Maledictions

   Spells                             Type                      Level
   a - Corona                         Hexes                        1
   b - Ensorcelled Hibernation        Hexes/Ice                    2
   c - Confuse                        Hexes                        3
   d - Tukima's Dance                 Hexes                        3
   e - Dazzling Spray                 Conjuration/Hexes            3
Comestibles
 b - 4 rations


   Skills:
 - Level 2.6 Dodging
 - Level 4.0 Stealth
 + Level 3.8 Unarmed Combat
 - Level 2.0 Spellcasting
 - Level 4.4 Hexes


You had 3 spell levels left.
You knew the following spells:

 Your Spells              Type           Power        Failure   Level  Hunger
a - Corona                Hex            ###....      3%          1    #......
b - Ensorcelled Hibernat  Hex/Ice        #.....       12%         2    ###....


Dungeon Overview and Level Annotations

Branches:
Dungeon (2/15)

Altars:
Okawaru

Annotations:
D:2 Terence


Innate Abilities, Weirdness & Mutations

You cannot wear armour.
You are incapable of wielding weapons or throwing items.
Your paws allow you to move quietly. (Stealth)
You have sharp claws.
You have razor-sharp teeth.
You have supernaturally acute eyesight. (SInv)
You are carnivorous and can eat meat at any time.
You cover ground quickly.
You are covered in thick fur. (AC +2)
You have a slow metabolism.
Your sharp claws are effective at attacking unaware monsters.
You are surrounded by a mild repulsion field. (EV +2)
Your flesh is cold resistant. (rC+)
Your system is resistant to poisons. (rPois)


Message History

You closely miss the adder.
The adder is almost dead.
You feel sick. The adder bites you.
You closely miss the adder.
The adder is almost dead.
The adder completely misses you.
You closely miss the adder.
The adder is almost dead.
The adder barely misses you. The adder bites you.
* * * LOW HITPOINT WARNING * * *
You are more poisoned.
The adder poisons you!
It was a potion of mutation.
You feel extremely strange.
You begin to radiate repulsive energy.
You feel resistant to poisons.
You feel resistant to cold.
Your fur grows into a thick mane.
* * * LOW HITPOINT WARNING * * *
You feel sick. The adder closely misses you.
It was a potion of agility.
You feel agile all of a sudden.
You die...

.#.).♣...#..###
#.........##
...............
#..........#
.........#.....
########...#
.........(.... #...##
w.........# ###..#
(....J.J..# ##.#
...#####.<# #.#
#.######################.#
#.÷)..JrS@................
##########..............#.
#..............#.
#..............##
#..............#
#..............+
#..............#
#..............#
#.....##########


You could see an ooze, an adder and a quokka.

Vanquished Creatures
  2 adders (D:2)
  A worm (D:2)
  A dart slug (D:1)
  4 orcs
  3 giant cockroaches (D:1)
  2 goblins (D:1)
  5 hobgoblins
  A ball python (D:2)
  8 bats
  6 kobolds
  4 rats (D:2)
37 creatures vanquished.

Notes
Turn   | Place    | Note
-------+----------+-------------------------------------------
     0 | D:1      | inc the Felid Enchanter began the quest for the Orb.
     0 | D:1      | Reached XP level 1. HP: 7/7 MP: 4/4
   557 | D:2      | Reached XP level 2. HP: 9/11 MP: 4/6
   579 | D:2      | Learned a level 2 spell: Ensorcelled Hibernation
   783 | D:2      | Noticed Terence
   784 | D:2      | Found an iron altar of Okawaru.
   943 | D:1      | Reached XP level 3. HP: 10/14 MP: 4/7
  2206 | D:2      | Gained mutation: You are surrounded by a mild repulsion field. (EV +2) [potion of mutation]
  2206 | D:2      | Gained mutation: Your system is resistant to poisons. (rPois) [potion of mutation]
  2206 | D:2      | Gained mutation: Your flesh is cold resistant. (rC+) [potion of mutation]
  2206 | D:2      | Gained mutation: You are covered in thick fur. (AC +2) [potion of mutation]
  2207 | D:2      | Succumbed to an adder's poison

Skill      XL: |  1  2 |
---------------+-------+-----
Unarmed Combat | 2 3 |  3.8
Dodging        | |  2.6
Stealth        | |  4.0
Spellcasting   | |  2.0
Hexes          | |  4.4

Action                   || total
-------------------------++-------
Melee: Unarmed           ||    88
       Bite              ||     1
 Cast: Corona            ||     8
       Ensorcelled Hiber ||    22
  Use: Potion            ||     2
 Stab: Sleeping          ||    18
  Eat: Chunk             ||     6
Armor: Skin              ||     7
Dodge: Dodged            ||    77
